Map: I have heard your counsel

Players

OperatorXD - Winner!

  • Race: Protoss Protoss
  • League: Grandmaster

Zodiak

  • Race: Protoss Protoss
  • League: Grandmaster

VOD

Have the link to the VOD?

Description

Time

  • Played on: Sept. 15, 2015, 2:32 p.m.
  • Length: 7:43
Show
View Real Time Build Order
Export as new Build Order

OperatorXD Protoss - Winner!

Build Orders: Nexus First 

Get SALT Encoding   

  12  0:00  Probe (Chrono Boost)  
  13  0:10  Probe (Chrono Boost)  
  14  0:18  Pylon  
  14  0:23  Probe (Chrono Boost)  
  15  0:36  Probe (Chrono Boost)  
  16  0:46  Probe (Chrono Boost)  
  17  1:04  Nexus  
  17  1:07  Probe (Chrono Boost)  
  18  1:19  Gateway  
  18  1:20  Probe (Chrono Boost)  
  19  1:30  Probe (Chrono Boost)  
  20  1:34  Pylon  
  20  1:40  Probe (Chrono Boost)  
  21  1:50  Probe (Chrono Boost), Assimilator  
  22  2:00  Probe (Chrono Boost)  
  23  2:02  Gateway  
  23  2:07  Cybernetics Core  
  23  2:11  Probe (Chrono Boost)  
  24  2:17  Assimilator  
  24  2:21  Probe (Chrono Boost)  
  24  2:22  Zealot (Chrono Boost)  
  27  2:25  Probe (Chrono Boost)  
  28  2:31  Probe (Chrono Boost)  
  28  2:34  Probe (Chrono Boost)  
  29  2:42  Probe  
  30  2:47  Stalker (Chrono Boost), Probe  
  33  2:54  Stalker (Chrono Boost), Probe  
  36  3:02  Pylon  
  36  3:03  Pylon  
  36  3:07  Probe x2  
  38  3:17  Probe, Zealot (Chrono Boost)  
  41  3:22  Probe  
  40  3:28  Probe  
  41  3:34  Probe  
  41  3:38  Probe  
  43  3:44  Stalker (Chrono Boost)  
  43  3:45  Stalker (Chrono Boost)  
  43  3:46  Probe (Chrono Boost)  
  48  3:49  Probe (Chrono Boost)  
  48  3:53  Pylon  
  49  3:58  Probe (Chrono Boost), Assimilator  
  49  4:02  Assimilator  
  50  4:04  Pylon  
  50  4:05  Warp Gate (Chrono Boost)  
  50  4:09  Probe (Chrono Boost), Robotics Facility  
  51  4:11  Probe (Chrono Boost)  
  52  4:19  Probe (Chrono Boost)  
  52  4:21  Mothership Core (Chrono Boost)  
  55  4:29  Cybernetics Core, Probe (Chrono Boost)  
  56  4:33  Pylon  
  56  4:35  Pylon  
  56  4:37  Gateway  
  56  4:38  Gateway  
  56  4:39  Probe (Chrono Boost)  
  56  4:41  Sentry x2  
  56  4:45  Probe (Chrono Boost)  
  62  4:49  Probe (Chrono Boost), Pylon  
  63  4:55  Probe (Chrono Boost)  
  64  5:00  Probe (Chrono Boost), Observer  
  64  5:06  Forge  
  68  5:07  Stalker (Chrono Boost)  
  68  5:09  Forge  
  68  5:11  Stalker (Chrono Boost), Probe x2 (Chrono Boost)  
  72  5:15  Immortal  
  72  5:26  Probe  
  72  5:28  Probe  
  78  5:36  Probe  
  78  5:40  Probe  
  80  5:46  Probe  
  80  5:49  Nexus  
  81  5:52  Probe  
  81  5:56  Protoss Ground Weapons Level 1 (Chrono Boost)  
  82  6:00  Probe  
  83  6:07  Gateway  
  83  6:08  Gateway  
  83  6:10  Assimilator  
  83  6:11  Pylon  
  83  6:12  Assimilator  
  83  6:13  Pylon  
  83  6:16  Pylon  
  83  6:19  Sentry  
  83  6:20  Sentry x3, Probe  
  83  6:22  Probe  
  89  6:44  Probe  
  89  6:45  Probe  
  85  6:48  Immortal  
  85  6:54  Probe  
  84  6:56  Photon Cannon  
  84  6:58  Probe  
  84  7:00  Photon Cannon  
  86  7:03  Stalker x3  
  86  7:04  Probe  
  93  7:10  Probe  
  93  7:14  Probe  
  94  7:22  Probe  
  96  7:24  Probe  
  101  7:34  Pylon  
  101  7:35  Pylon  
  101  7:36  Sentry x4  
  101  7:37  Sentry x2  
Show
View Real Time Build Order
Export as new Build Order

Zodiak Protoss 

Build Orders: Zealot Archon 

Get SALT Encoding   

  12  0:01  Probe (Chrono Boost)  
  13  0:11  Probe (Chrono Boost)  
  14  0:19  Pylon  
  14  0:21  Probe (Chrono Boost)  
  15  0:37  Probe (Chrono Boost)  
  15  0:41  Gateway  
  16  0:47  Probe (Chrono Boost)  
  16  0:48  Assimilator  
  17  0:57  Probe (Chrono Boost)  
  17  1:01  Gateway  
  18  1:07  Probe (Chrono Boost)  
  19  1:13  Pylon  
  19  1:17  Probe (Chrono Boost)  
  20  1:27  Probe (Chrono Boost)  
  20  1:30  Cybernetics Core  
  21  1:37  Probe (Chrono Boost)  
  21  1:39  Assimilator  
  22  1:47  Probe (Chrono Boost)  
  23  1:58  Probe (Chrono Boost)  
  24  2:03  Warp Gate (Chrono Boost)  
  24  2:06  Adept x2  
  28  2:10  Probe  
  28  2:13  Pylon  
  29  2:22  Probe  
  30  2:39  Nexus  
  30  2:41  Probe  
  31  2:53  Probe  
  31  2:56  Pylon  
  32  3:05  Probe, Pylon  
  32  3:07  Pylon  
  33  3:21  Probe  
  33  3:26  Gateway  
  34  3:33  Probe  
  35  3:36  Adept x2  
  39  3:45  Probe  
  40  3:49  Twilight Council  
  40  3:54  Probe  
  40  3:57  Probe  
  42  4:04  Probe (Chrono Boost)  
  42  4:09  Probe (Chrono Boost), Gateway  
  44  4:13  Gateway  
  44  4:22  Pylon  
  44  4:23  Probe x2 (Chrono Boost)  
  46  4:31  Mothership Core (Chrono Boost)  
  46  4:33  Probe (Chrono Boost)  
  49  4:44  Probe  
  50  4:46  Adept x2  
  50  4:49  Probe  
  55  4:53  Pylon  
  55  4:58  Probe  
  55  4:59  Probe  
  56  5:04  Templar Archives  
  57  5:08  Adept x2  
  57  5:09  Probe  
  57  5:10  Probe  
  57  5:13  Shield Upgrade (Chrono Boost)  
  63  5:18  Robotics Facility  
  63  5:22  Probe  
  63  5:26  Probe  
  65  5:30  Pylon  
  65  5:34  Probe  
  66  5:36  Probe  
  66  5:41  Assimilator  
  67  5:45  Assimilator  
  67  5:46  Probe x2, Pylon  
  67  5:49  Pylon  
  69  5:50  Pylon  
  69  5:56  Probe  
  69  5:58  Probe, Psionic Storm  
  69  6:02  High Templar  
  69  6:03  High Templar  
  75  6:07  Probe  
  75  6:10  Probe  
  77  6:20  Nexus  
  77  6:22  Pylon  
  77  6:25  Assimilator  
  77  6:26  Probe  
  77  6:28  Probe, Assimilator  
  77  6:31  Pylon  
  79  6:36  Probe  
  78  6:40  Probe  
  79  6:47  Probe  
  79  6:52  Probe  
  79  6:57  Probe, High Templar x3  
  79  6:58  High Templar  
  88  7:01  Archon  
  88  7:04  Probe  
  88  7:08  Probe  
  94  7:16  Probe  
  94  7:20  Pylon  
  94  7:21  Gateway  
  94  7:22  Gateway, Pylon  
  95  7:24  Gateway, Pylon  
  95  7:25  Gateway  
  95  7:27  Gateway  
Tags
 
Add a new tag
Caveats
  • Supply blocks, unpowered buildings, or Contaminate may cause inaccurate times.
  • Supply counts are checked every 10 seconds.